 Dungeon Crawl Stone Soup version 0.31-a0-182-gc5ef74bbde (webtiles) character file.

Game seed: 9120506672698216117

28 ketsa the Digger (level 3, -3/24 HPs)
             Began as a Vampire Earth Elementalist on June 21, 2023.
             Slain by Crazy Yiuf
             ... wielding a +3 quarterstaff of chaos
              (13 damage)
             ... on level 2 of the Dungeon.
             The game lasted 00:03:05 (1128 turns).

ketsa the Digger (Vampire Earth Elementalist)       Turns: 1128, Time: 00:03:06

Health: -3/24      AC:  3    Str:  7    XL:     3   Next: 0%
Magic:  3/6        EV: 12    Int: 19    God:
Gold:   23         SH:  0    Dex: 14    Spells: 6/7 levels left

rFire   . . .        e - +0 dagger
rCold   . . .        (no shield)
rNeg    . . .        a - +0 robe
rPois   .            g - +0 helmet
rElec   .            (no cloak)
rCorr   .            (no gloves)
SInv    +            (no boots)
Will    .....        (no amulet)
Stlth   ++           (no ring)
HPRegen 0.44/turn    (no ring)
MPRegen 0.10/turn

%: no passive effects
@: healing quickly
A: alive, fangs 3, see invisible, vampiric 2
a: Exsanguinate


You were on level 2 of the Dungeon.
You visited 1 branch of the dungeon, and saw 2 of its levels.

You collected 23 gold pieces.

Inventory:

Hand Weapons
 e - a +0 dagger (weapon)
Missiles
 i - 3 javelins
Armour
 a - a +0 robe (worn)
 g - a +0 helmet (worn)
Scrolls
 c - a scroll of poison {unknown}
 d - a scroll of silence {unknown}
 f - 2 scrolls of fear {unknown}
Potions
 b - a potion of magic
 h - a potion of heal wounds {unknown}
 j - a potion of ambrosia {unknown}


   Skills:
 - Level 2.1 Dodging
 - Level 3.0 Stealth
 + Level 2.5 Spellcasting
 + Level 2.0 Transmutations
 + Level 3.4 Earth Magic


You had 6 spell levels left.
You knew the following spells:

 Your Spells              Type           Power      Damage    Failure   Level
a - Sandblast             Erth           30%        2d9       4%          1

Your spell library contained the following spells:

 Spells                   Type           Power      Damage    Failure   Level
 Passwall                 Tmut/Erth      10%        N/A       8%          2
 Kiss of Death            Conj/Necr      8%         2d6       16%         1
 Stone Arrow              Conj/Erth      16%        3d8       24%         3
 Confusing Touch          Hex            2%         N/A       43%         3
 Petrify                  Tmut/Erth      12%        N/A       45%         4
 Dispel Undead            Necr           2%         3d7       85%         4


Dungeon Overview and Level Annotations

Branches:
Dungeon (2/15)

Altars:

Annotations:
D:2 Crazy Yiuf, Robin


Innate Abilities, Weirdness & Mutations

Your natural rate of healing is accelerated.
You have razor-sharp teeth.
You have supernaturally acute eyesight. (SInv)
You are afflicted with vampirism and can become a bat while bloodless.


Message History

You have reached level 3!
Your experience leads to an increase in your attributes!
Increase (S)trength, (I)ntelligence, or (D)exterity?
You feel clever. x2
You can now turn into a vampire bat when bloodless.
Found a stone staircase leading down.
Found 3 javelins.
Found 9 gold pieces.
You see here 3 javelins.
i - 3 javelins You now have 23 gold pieces (gained 9).
j - a glowing dark potion
Found a hammer.
Found a runed translucent door.
You open the door.
Casting: Sandblast (safe; 4% risk of failure)
Confirm with . or Enter, or press ? or * to list all spells.
Aiming: Sandblast (safe; 4% risk of failure)
Press: ? - help, Shift-Dir - straight line, f - Crazy Yiuf
Aim: Crazy Yiuf, wielding a +3 quarterstaff of chaos and wearing a +0 cloak (84% to hit)
The blast of sand hits Crazy Yiuf.
Crazy Yiuf is lightly wounded.
Casting: Sandblast (safe; 4% risk of failure)
Confirm with . or Enter, or press ? or * to list all spells.
Aiming: Sandblast (safe; 4% risk of failure)
Press: ? - help, Shift-Dir - straight line, f/p - Crazy Yiuf
Aim: Crazy Yiuf, wielding a +3 quarterstaff of chaos and wearing a +0 cloak (lightly wounded, 84% to hit)
The blast of sand misses Crazy Yiuf.
Crazy Yiuf hits you with a +3 quarterstaff of chaos!
Ouch! That really hurt!
Crazy Yiuf freezes you. Crazy Yiuf completely misses you.
Casting: Sandblast (safe; 4% risk of failure)
Confirm with . or Enter, or press ? or * to list all spells.
Aiming: Sandblast (safe; 4% risk of failure)
Press: ? - help, Shift-Dir - straight line, f/p - Crazy Yiuf
Aim: Crazy Yiuf, wielding a +3 quarterstaff of chaos and wearing a +0 cloak (lightly wounded, 84% to hit)
The blast of sand misses Crazy Yiuf.
Crazy Yiuf grits, "Earwax snail ena!"
Crazy Yiuf hits you with a +3 quarterstaff of chaos!
Ouch! That really hurt!
You die...

#####
#..)#
#...#
... #g#
##@#
#####
#.##
#...#
##.#
###.#
#.##
###.##
##.##
#....#
#...##
###..#
#....#
###..#
##..##
#....#
##....#
#####.#


You could see Crazy Yiuf.

Vanquished Creatures
  A dart slug (D:1)
  A ball python (D:1)
  2 endoplasms (D:1)
  5 goblins
  3 hobgoblins
  A kobold (D:1)
  A quokka (D:1)
  3 bats (D:1)
  3 frilled lizards
  5 rats
25 creatures vanquished.

Notes
Turn   | Place    | Note
-------+----------+-------------------------------------------
     0 | D:1      | ketsa the Vampire Earth Elementalist began the quest for
                  | the Orb.
     0 | D:1      | Reached XP level 1. HP: 13/13 MP: 3/3
   361 | D:1      | Reached XP level 2. HP: 19/19 MP: 1/5
   469 | D:1      | Found a faded altar of an unknown god.
   875 | D:2      | Noticed Robin
  1009 | D:2      | Gained mutation: You are afflicted with vampirism and can
                  | become a bat while bloodless. [Vampire growth]
  1009 | D:2      | Reached XP level 3. HP: 24/24 MP: 4/6
  1121 | D:2      | Found a runed translucent door.
  1122 | D:2      | Noticed Crazy Yiuf
  1128 | D:2      | Slain by Crazy Yiuf

Illustrated notes

Levels and vault maps discovered:
D:1:      lightli_arrival_statuegarden, layout_basic,
          ebering_ecumenical_altar_mist, nicolae_concentric_dashed_squares_mild,
          minmay_misc_feat_rows
D:2:      layout_loops_ring, serial_shops, shop_statue, minmay_close_crescents,
          uniq_robin, uniq_jessica, uniq_terence, uniq_crazy_yiuf_cottage

Skill      XL: |  1  2 |
---------------+-------+-----
Transmutations | 2 |  2.0
Dodging        | |  2.1
Stealth        | |  3.0
Spellcasting   | |  2.5
Earth Magic    | |  3.4

Action                     || total
---------------------------++-------
   Cast: Sandblast         ||    38
 Armour: Robe              ||     1
  Dodge: Dodged            ||     8

Table legend: (Time is in decaauts)
 A = Elapsed time spent in this place.
 B = Non-inter-level travel time spent in this place.
 C = Inter-level travel time spent in this place.
 D = Time resting spent in this place.
 E = Time spent auto-exploring this place.
 F = Levels seen in this place.
 G = Mean time per level.
                   A        B        C        D        E       F      G
               +--------+--------+--------+--------+--------+-----+--------+
         Total |   1146 |   1092 |     54 |    251 |    600 |   2 |  573.0 |
       Dungeon |   1146 |   1092 |     54 |    251 |    600 |   2 |  573.0 |
               +--------+--------+--------+--------+--------+-----+--------+

Top non-repeatable levels by time:
     D:1: 935 daAuts
     D:2: 211 daAuts
